 Dungeon Crawl Stone Soup version 0.20-a0-386-g2d247ea (webtiles) character file.

4564 mopl the Basher (level 10, -4/77 HPs)
             Began as a Mummy Fighter on Dec 28, 2016.
             Was an Initiate of Gozag.
             Slain by a troll (10 damage)
             ... on level 9 of the Dungeon on Dec 29, 2016.
             The game lasted 00:17:04 (9638 turns).

mopl the Basher (Mummy Fighter)                     Turns: 9638, Time: 00:17:04

Health: -4/77      AC: 12    Str: 19    XL:     10   Next: 18%
Magic:  10/10      EV:  3    Int:  8    God:    Gozag
Gold:   278        SH:  9    Dex: 17    Spells: 9/9 levels left

rFire  . . .     SeeInvis .     y - +0 whip (elec)
rCold  + . .     Gourm    .     E - +0 plate armour {rF+}
rNeg   + + +     Faith    .     c - +0 shield
rPois  ∞         Spirit   .     (no helmet)
rElec  .         Reflect  .     (no cloak)
rCorr  .         Harm     .     (no gloves)
MR     +....                    (no boots)
Stlth  ..........               i - amulet of magic regeneration
                                (no ring)
                                d - +2 ring of dexterity

@: about to teleport, gold aura
A: no food or potions, fire vulnerability, cold resistance 1, negative energy
resistance 3, torment resistance, unbreathing
a: Potion Petition, Call Merchant, Bribe Branch, Renounce Religion


You were on level 9 of the Dungeon.
You worshipped Gozag.
Gozag was aware of your devotion.
You were not hungry.

You visited 2 branches of the dungeon, and saw 10 of its levels.

You collected 829 gold pieces.
You paid 551 gold pieces to Gozag.

Inventory:

Hand Weapons
 a - a +2 flail of draining
 b - a +0 blowgun
 y - a +0 whip of electrocution (weapon)
Missiles
 h - 13 tomahawks (quivered)
 r - 4 javelins of penetration
 s - 22 poisoned needles
 z - a curare-tipped needle
Armour
 c - a +0 shield (worn)
 g - a +0 large shield
 q - the +5 leather armour of Bimesyso {rCorr Int+4 Stlth+}
   (You found it on level 4 of the Dungeon)

   It affects your intelligence (+4).
   It protects you from acid and corrosion.
   It makes you more stealthy.
 t - a +0 troll leather armour
 E - a +0 plate armour of fire resistance (worn)
Jewellery
 d - a +2 ring of dexterity (left hand)
 i - an amulet of magic regeneration (around neck)
 o - an uncursed ring of ice
Wands
 p - a wand of confusion (15/48)
 x - a wand of flame (0/48)
 C - a wand of flame (34/48)
Scrolls
 e - 3 scrolls of fog
 f - 4 scrolls of magic mapping
 j - 3 scrolls of enchant weapon
 k - 2 scrolls of enchant armour
 l - 3 scrolls of teleportation
 m - a scroll of fear {unknown}
 n - 5 scrolls of remove curse
 w - 3 scrolls of blinking
 B - a scroll of amnesia {unknown}
 D - a scroll of vulnerability {unknown}
Books
 u - a book of Cantrips

   Spells                             Type                      Level
   a - Confusing Touch                Hexes                        1
   b - Animate Skeleton               Necromancy                   1
   c - Summon Small Mammal            Summoning                    1
   d - Apportation                    Translocation                1
 v - a book of Misfortune

   Spells                             Type                      Level
   a - Confusing Touch                Hexes                        1
   b - Confuse                        Hexes                        3
   c - Gell's Gravitas                Hexes/Translocation          3
   d - Petrify                        Transmutation/Earth          4
   e - Metabolic Englaciation         Hexes/Ice                    5
   f - Yara's Violent Unravelling     Hexes/Transmutation          5
 A - a book of Frost

   Spells                             Type                      Level
   a - Freeze                         Ice                          1
   b - Throw Frost                    Conjuration/Ice              2
   c - Ozocubu's Armour               Charms/Ice                   3
   d - Throw Icicle                   Conjuration/Ice              4
   e - Summon Ice Beast               Ice/Summoning                4


   Skills:
 + Level 6.4 Fighting
 * Level 10.5 Maces & Flails
 + Level 5.5 Armour
 - Level 2.4 Shields


You had 9 spell levels left.
You didn't know any spells.

Dungeon Overview and Level Annotations

Branches:
Dungeon (9/15)             Temple (1/1) D:7
   Lair: D:8-11         Orc: D:9-12

Altars:
Ashenzari
Elyvilon
Gozag
Hepliaklqana
Makhleb
Okawaru
Ru
Trog
Yredelemnul
The Shining One

Annotations:
D:9 Erolcha


Innate Abilities, Weirdness & Mutations

You do not eat or drink.
Your flesh is vulnerable to fire.
You are immune to poison.
Your flesh is cold resistant. (rC+)
You are immune to negative energy. (rN+++)
You are immune to unholy pain and torment.
You can survive without breathing.


Message History

* * * LOW HITPOINT WARNING * * *
The troll claws you but does no damage.
You closely miss the troll.
The troll is heavily wounded.
The orc hits you but does no damage. The troll bites you!
* * * LOW HITPOINT WARNING * * *
You block the troll's attack. The troll claws you.
* * * LOW HITPOINT WARNING * * *
The orc is distracted by the nearby gold.
As you read the scroll of teleportation, it crumbles to dust.
You feel strangely unstable. You block the orc's attack.
The orc wizard casts a spell.
The orc wizard flickers and vanishes!
Deactivating autopickup; reactivate with Ctrl-A.
Erolcha mumbles some strange words.
Erolcha blinks!
The troll bites you!
* * * LOW HITPOINT WARNING * * *
The troll claws you but does no damage. The troll claws you!
You die...
Your body crumbles into a pile of gold.

....... ..... ..... ...
{o. #O# #o# #@#
###########T#
......!.....#############
............§...........#
...........[............#
........................#
........................#
........................#
........................#


You could see a two-headed ogre, a troll and 2 orcs.

Vanquished Creatures
  A two-headed ogre (D:9)
  Pikel (D:7)
  A troll (D:6)
  A spriggan (D:7)
  A hungry ghost (D:8)
  Edmund (D:7)
  The ghost of Yermak the Sneak, an amateur VSWn (D:3)
  2 ice beasts
  An orc warrior (D:9)
  2 sky beasts (D:6)
  A slave (D:7)
  A black bear (D:8)
  A necrophage (D:3)
  2 ogres (D:5)
  A phantom (D:4)
  A centaur (D:6)
  A big kobold (D:5)
  2 bullfrogs
  Dowan (D:7)
  7 scorpions
  6 killer bees (D:8)
  4 crimson imps
  A centaur zombie (D:8)
  2 quasits
  4 hounds
  2 jellies
  An orc priest (D:9)
  2 orc wizards
  Terence (D:2)
  Jessica (D:1)
  A bullfrog skeleton (D:4)
  An iguana (D:8)
  3 worker ants
  A howler monkey skeleton (D:8)
  2 worker ant zombies
  7 adders
  5 gnolls
  2 shadow imps (D:6)
  An adder zombie (D:7)
  An adder skeleton (D:6)
  4 worms
  A dart slug (D:1)
  7 leopard geckos
  13 orcs
  6 giant cockroaches
  4 goblins
  3 hobgoblins
  9 jackals
  10 quokkas
  A ball python (D:2)
  5 bats
  6 frilled lizards
  29 kobolds
  A leopard gecko zombie (D:7)
  A quokka zombie (D:6)
  11 rats
189 creatures vanquished.

Vanquished Creatures (others)
  Duvessa (D:7)
  A slave (D:7)
  A quokka zombie (D:7)
3 creatures vanquished.

Grand Total: 192 creatures vanquished

Notes
Turn   | Place    | Note
-------+----------+-------------------------------------------
     0 | D:1      | mopl the Mummy Fighter began the quest for the Orb.
     0 | D:1      | Reached XP level 1. HP: 18/18 MP: 1/1
    96 | D:1      | Reached skill level 2 in Maces & Flails
   106 | D:1      | Reached XP level 2. HP: 13/24 MP: 2/2
   862 | D:2      | Noticed Jessica
   864 | D:2      | Noticed Terence
   875 | D:1      | Killed Jessica
   875 | D:1      | Reached skill level 3 in Maces & Flails
   875 | D:1      | Reached XP level 3. HP: 26/29 MP: 3/3
   912 | D:2      | Killed Terence
   912 | D:2      | Reached XP level 4. HP: 34/35 MP: 4/4
   987 | D:2      | Found a glowing golden altar of the Shining One.
   988 | D:2      | Found a sacrificial altar of Ru.
  1107 | D:2      | Reached skill level 4 in Maces & Flails
  1620 | D:3      | Reached XP level 5. HP: 35/41 MP: 5/5
  1669 | D:3      | Noticed Yermak's ghost (amateur VSWn)
  1728 | D:3      | Killed Yermak's ghost
  1728 | D:3      | Reached skill level 5 in Maces & Flails
  1909 | D:3      | Noticed a necrophage
  1919 | D:3      | Killed a necrophage
  1919 | D:3      | Reached XP level 6. HP: 47/47 MP: 6/6
  1937 | D:3      | Found a basalt altar of Yredelemnul.
  2712 | D:4      | Reached skill level 6 in Maces & Flails
  3037 | D:4      | Got a warped leather armour
  3111 | D:4      | Identified the +5 leather armour of Bimesyso {rCorr Int+4 Stlth+} (You found it on level 4 of the Dungeon)
  3580 | D:5      | Entered Level 5 of the Dungeon
  3623 | D:4      | Reached XP level 7. HP: 32/52 MP: 7/7
  4255 | D:5      | Reached skill level 7 in Maces & Flails
  4808 | D:5      | Found a bloodstained altar of Trog.
  4812 | D:5      | Reached XP level 8. HP: 58/58 MP: 8/8
  5314 | D:6      | Reached skill level 8 in Maces & Flails
  5478 | D:6      | Noticed a troll
  6095 | D:6      | Killed a troll
  6095 | D:6      | Reached skill level 3 in Armour
  6341 | D:6      | Reached skill level 4 in Fighting
  6367 | D:6      | Noticed Edmund
  6480 | D:7      | Noticed Pikel
  6484 | D:7      | Found a staircase to the Ecumenical Temple.
  6488 | Temple   | Entered the Ecumenical Temple
  6507 | Temple   | Became a worshipper of Gozag Ym Sagoz the Greedy
  6685 | D:7      | Reached skill level 9 in Maces & Flails
  7194 | D:7      | Killed Edmund
  7194 | D:7      | Reached XP level 9. HP: 45/66 MP: 9/9
  7222 | D:7      | Killed Pikel
  7222 | D:7      | Reached skill level 5 in Fighting
  7222 | D:7      | Reached skill level 4 in Armour
  7257 | D:7      | Found a burning altar of Makhleb.
  7382 | D:7      | Noticed Dowan
  7383 | D:7      | Noticed Duvessa
  7410 | D:7      | Killed Dowan
  8201 | D:7      | Killed Duvessa
  8501 | D:8      | Found an iron altar of Okawaru.
  8526 | D:8      | Reached skill level 10 in Maces & Flails
  8547 | D:8      | Reached skill level 5 in Armour
  8619 | D:8      | Reached skill level 6 in Fighting
  8855 | D:9      | Noticed a troll
  8858 | D:9      | Noticed a two-headed ogre
  9179 | D:9      | Upgraded the game from 0.20-a0-379-gc0b65bf to 0.20-a0-386-g2d247ea
  9306 | D:9      | Killed a two-headed ogre
  9306 | D:9      | Reached XP level 10. HP: 41/77 MP: 10/10
  9600 | D:9      | Noticed Erolcha
  9630 | D:9      | Noticed a two-headed ogre
  9638 | D:9      | Slain by a troll

Vault maps used:
D:1:      mrwooster_arrival_statue_2
D:2:      gammafunk_temple_overflow_statue, first_bread, uniq_terence,
          uniq_jessica
D:3:      nicolae_overflow_crystal_walls
D:4:      grunt_decor_resistance, minmay_misc_feat_square,
          nicolae_underground_beach
D:5:      kennysheep_kobold_camp, corexii_shack, trog_three_pillars_becter
D:6:      hangedman_cross_stitches, uniq_edmund
D:7:      kennysheep_mini, minmay_misc_feat_hallway, the_bakery, uniq_duvessa,
          uniq_pikel
D:8:      serial_shops, shop, okawaru_gym_becter
D:9:      lemuel_mausoleum_altar_yredelemnul, uniq_erolcha
Temple:   minmay_crystal_spiral_temple

Skill      XL: |  1  2  3  4  5  6  7  8  9 |
---------------+----------------------------+-----
Maces & Flails | 2 3 4 5 6 7 9 10 | 10.5
Armour         | 3 5 |  5.5
Fighting       | 4 6 |  6.4
Shields        | |  2.4

Action                   |  1- 3 |  4- 6 |  7- 9 | 10-12 || total
-------------------------+-------+-------+-------+-------++-------
Melee: Flail             |    97 |   222 |   333 |       ||   652
       Whip              |       |       |   164 |    39 ||   203
 Fire: Blowgun           |       |       |    67 |       ||    67
Throw: Tomahawk          |       |       |     3 |       ||     3
Invok: Potion Petition   |       |       |     1 |     2 ||     3
Evoke: Wand              |       |       |     9 |     2 ||    11
  Use: Scroll            |       |     9 |     4 |     1 ||    14
 Stab: Sleeping          |       |     2 |     7 |       ||     9
       Confused          |       |       |     2 |       ||     2
       Distracted        |       |       |     2 |       ||     2
Armor: Scale mail        |    44 |    46 |       |       ||    90
       Chain mail        |       |    31 |       |       ||    31
       Leather armour    |       |     8 |   160 |     1 ||   169
       Plate armour      |       |       |       |    12 ||    12
Dodge: Dodged            |    36 |    53 |   178 |     5 ||   272
Block: Shield            |    49 |    95 |   210 |    19 ||   373
